 Dungeon Crawl Stone Soup version 0.20-a0-351-gc9b4002 (webtiles) character file.

7839 xomi the Cleaver (level 11, -2/145 HPs)
             Began as a Minotaur Chaos Knight on Dec 25, 2016.
             Slain by a ten-headed hydra (3 damage)
             ... on level 11 of the Dungeon.
             The game lasted 00:20:21 (8724 turns).

xomi the Cleaver (Minotaur Chaos Knight)            Turns: 8724, Time: 00:20:21

Health: -2/145     AC: 25    Str: 23    XL:     11   Next: 2%
Magic:  0/10       EV:  8    Int:  9    God:    Xom [....*.]
Gold:   341        SH:  7    Dex: 12    Spells: 10/10 levels left

rFire  + + +     SeeInvis .     a - +1 hand axe (chaos)
rCold  + . .     Gourm    .     H - +1 plate armour {rF+}
rNeg   . . .     Faith    .     b - +2 buckler
rPois  .         Spirit   +     (helmet restricted)
rElec  .         Reflect  .     C - +0 cloak
rCorr  .         Harm     .     x - +2 pair of gloves
MR     .....     Clarity  +     F - +0 pair of boots
Stlth  ..........               m - amulet of guardian spirit
                                B - ring of protection from fire
                                f - +2 ring of protection

@: mighty, berserking, very quick
A: retaliatory headbutt, horns 2, molten scales 1, camouflage 1, blink, blurry
vision 2, clarity, cold resistance 1, fire resistance 1, mutation resistance 1,
sense surroundings 1, wild magic 1
a: Blink, Renounce Religion


You were on level 11 of the Dungeon.
You worshipped Xom.
You were a beloved toy of Xom.
You were not hungry.

You visited 1 branch of the dungeon, and saw 11 of its levels.

You collected 549 gold pieces.
You spent 208 gold pieces at shops.

Inventory:

Hand Weapons
 a - a +1 hand axe of chaos (weapon)
Armour
 b - a +2 buckler (worn)
 x - a +2 pair of gloves (worn)
 A - a +0 shield
 C - a +0 cloak (worn)
 F - a +0 pair of boots (worn)
 H - a +1 plate armour of fire resistance (worn)
Jewellery
 f - a +2 ring of protection (left hand)
 m - an amulet of guardian spirit (around neck)
 n - an uncursed ring of positive energy
 o - an uncursed ring of resist corrosion
 t - an uncursed ring of positive energy
 B - a ring of protection from fire (right hand)
Wands
 e - a wand of disintegration (20/24)
 g - a wand of confusion (17/48)
 k - a wand of flame (38/48)
 q - a wand of iceblast (7/15)
 D - a wand of flame (24/48)
 G - a wand of slowing (20/48)
 I - a wand of lightning (10/15)
 K - a wand of enslavement (17/24)
 O - a wand of slowing (24/48)
Scrolls
 d - 4 scrolls of remove curse
 h - 13 scrolls of identify
 s - 4 scrolls of teleportation
 u - a scroll of amnesia
 v - 3 scrolls of enchant weapon
 y - a scroll of magic mapping
Potions
 w - 2 potions of cure mutation {!q}
Books
 j - a book of Misfortune

   Spells                             Type                      Level
   a - Confusing Touch                Hexes                        1
   b - Confuse                        Hexes                        3
   c - Gell's Gravitas                Hexes/Translocation          3
   d - Petrify                        Transmutation/Earth          4
   e - Metabolic Englaciation         Hexes/Ice                    5
   f - Yara's Violent Unravelling     Hexes/Transmutation          5
 r - a book of Cantrips

   Spells                             Type                      Level
   a - Confusing Touch                Hexes                        1
   b - Animate Skeleton               Necromancy                   1
   c - Summon Small Mammal            Summoning                    1
   d - Apportation                    Translocation                1
 E - a book of Maledictions

   Spells                             Type                      Level
   a - Corona                         Hexes                        1
   b - Ensorcelled Hibernation        Hexes/Ice                    2
   c - Confuse                        Hexes                        3
   d - Tukima's Dance                 Hexes                        3
   e - Dazzling Spray                 Conjuration/Hexes            3
Comestibles
 c - 7 bread rations
 i - 16 fruits
 l - 2 royal jellies
 p - 10 meat rations
 z - 5 beef jerkies
 L - 6 slices of pizza


   Skills:
 + Level 9.1 Fighting
 * Level 14.8 Axes
 + Level 8.8 Armour
 + Level 2.7 Dodging
 - Level 2.0 Stealth
 + Level 4.8 Shields


You had 10 spell levels left.
You didn't know any spells.

Dungeon Overview and Level Annotations

Branches:
Dungeon (11/15)            Temple (0/1) D:5            Lair (0/6) D:9
    Orc: D:9-12

Altars:
Ashenzari
Cheibriados
Elyvilon
Hepliaklqana
Makhleb
Okawaru
Sif Muna
Trog
Uskayaw
Vehumet
Xom
Zin

Shops:
D:8 *}*(

Portals:
Labyrinth: D:11

Annotations:
D:9 Prince Ribbit


Innate Abilities, Weirdness & Mutations

You reflexively headbutt those who attack you in melee.
You have a pair of horns on your head.
You are partially covered in molten scales. (AC +2)
Your skin changes colour to match your surroundings (Stealth+).
You can translocate small distances at will.
Scrolls take you longer to read.
You possess an exceptional clarity of mind.
Your flesh is cold resistant. (rC+)
Your flesh is heat resistant. (rF+)
You are somewhat resistant to further mutation.
You passively map a small area around you.
Your spells are a little harder to cast, but a little more powerful.


Message History

* * * LOW MAGIC WARNING * * *;
* * * LOW HITPOINT WARNING * * *
Unknown command.
You closely miss something. You closely miss something.
Something bites you but does no damage. x2
You block something's attack. Something bites you.
* * * LOW HITPOINT WARNING * * *
Something bites you but does no damage. Something bites you.
* * * LOW MAGIC WARNING * * *
Something bites you!
* * * LOW MAGIC WARNING * * *;
* * * LOW HITPOINT WARNING * * *
Something bites you.
* * * LOW MAGIC WARNING * * *;
* * * LOW HITPOINT WARNING * * *
Something bites you but does no damage. x2
Okay, then.
Unknown command.
A red film seems to cover your vision as you go berserk!
You feel yourself moving faster!
You feel mighty! Something bites you!
* * * LOW MAGIC WARNING * * *;
* * * LOW HITPOINT WARNING * * *
Something bites you.
You die...

*,** ***,, ,,,,, *** ***,**
*,,.∩...,* *** *, *, ,
*,,.....,* * * *,** *,,......*
*,# *,* *,,......* *.###****,
,,......#######....,,,,,*
***** *,,...........o.....,, ,
,, ,,,,,......)5)........, ,,*
*******,,......)@{........,,,,
* *,,......))())......,,,,,*
*,,........)([......,,,,,**
*,*#####...(.)....>.,, ,,, * *
#...<........ ,,,,,, *******,*
#.#######....,,,,,, ,,,,,,,,*
#.* *,...,,,,,,, *******,* #.*
*,,.. ,,,,, *,* *,* *,*
#****,,


You could see an orc warrior and a friendly quasit.

Vanquished Creatures
  A hydra (shapeshifter) (D:9)
  The ghost of gitgud34 the Thaumaturge, a novice DECj of Sif Muna (D:8)
  Pikel (D:7)
  2 hippogriffs
  2 dream sheep (D:9)
  2 yaks (D:9)
  An acid dragon (D:10)
  A water moccasin (D:9)
  A swamp drake (D:5)
  2 ice beasts
  An orc warrior (D:9)
  2 sky beasts
  A slave (D:7)
  8 ogres
  3 phantoms
  12 centaurs
  4 big kobolds
  2 bullfrogs
  A gnoll sergeant (D:5)
  A wyvern zombie (D:7)
  4 scorpions
  5 wights
  3 howler monkeys (D:8)
  8 crimson imps
  3 jellies
  2 orc priests
  2 bullfrog skeletons
  6 orc wizards
  Crazy Yiuf (D:6)
  2 centaur skeletons
  An iguana (D:6)
  Terence (D:2)
  7 worker ants
  A hound zombie (D:5)
  5 hound skeletons
  A howler monkey skeleton (D:10)
  3 gnolls
  7 adders
  A shadow imp (D:6)
  An ooze (D:3)
  An adder skeleton (D:7)
  2 worms (D:3)
  4 dart slugs
  4 leopard geckos
  32 orcs
  A ball python (D:1)
  9 bats
  4 giant cockroaches
  5 goblins
  3 hobgoblins
  4 jackals (D:3)
  7 kobolds
  7 quokkas
  4 frilled lizards
  2 quokka zombies
  3 rats
205 creatures vanquished.

Vanquished Creatures (collateral kills)
  Edmund (D:6)
  2 centaurs (D:11)
  A bullfrog (D:3)
  A howler monkey (D:6)
  2 hounds
  2 orc wizards
  2 kobolds (D:7)
11 creatures vanquished.

Vanquished Creatures (others)
  A gnoll (D:5)
  2 kobolds (D:7)
3 creatures vanquished.

Grand Total: 219 creatures vanquished

Notes
Turn   | Place    | Note
-------+----------+-------------------------------------------
     0 | D:1      | xomi the Minotaur Chaos Knight began the quest for the Orb.
     0 | D:1      | Reached XP level 1. HP: 19/19 MP: 0/0
   283 | D:1      | Reached skill level 4 in Axes
   283 | D:1      | Reached XP level 2. HP: 15/27 MP: 1/1
   353 | D:1      | XOM is BORED!
   353 | D:1      | XOM: harmless Tloc miscast
   610 | D:1      | XOM: give mutations
   610 | D:1      | Gained mutation: You are partially covered in icy blue scales. (AC +2) [Xom's grace]
   610 | D:1      | Gained mutation: You are somewhat resistant to further mutation. [Xom's grace]
   610 | D:1      | Gained mutation: Your muscles are strong. (Str +2) [Xom's grace]
   610 | D:1      | Gained mutation: Your skin changes colour to match your surroundings (Stealth+). [Xom's grace]
   667 | D:1      | XOM: god gift: worn glass wand {god gift}
   669 | D:1      | XOM: polymorph hobgoblin -> ball python
  1160 | D:2      | Gained mutation: You have a pair of large horns on your head. [potion of mutation]
  1174 | D:2      | Reached XP level 3. HP: 33/33 MP: 2/2
  1370 | D:2      | Noticed Terence
  1384 | D:2      | Killed Terence
  1384 | D:2      | Reached skill level 5 in Axes
  1474 | D:2      | XOM: swap monsters
  1483 | D:2      | XOM: swap monsters
  1491 | D:2      | Reached XP level 4. HP: 41/41 MP: 3/3
  1806 | D:2      | Lost mutation: You have a pair of large horns on your head. [potion of cure mutation]
  1806 | D:2      | Lost mutation: Your muscles are strong. (Str +2) [potion of cure mutation]
  1806 | D:2      | Lost mutation: You are partially covered in icy blue scales. (AC +2) [potion of cure mutation]
  1906 | D:2      | XOM: cast spell 'Ice Form'
  1977 | D:2      | XOM: harmless Fire miscast
  2001 | D:3      | Found a white marble altar of Elyvilon.
  2001 | D:3      | XOM: 2-stop teleportation journey
  2243 | D:3      | Noticed a bullfrog
  2243 | D:3      | XOM: summons 4 friendly demons
  2249 | D:3      | Killed a bullfrog
  2378 | D:3      | Gained mutation: Your flesh is cold resistant. (rC+) [potion of mutation]
  2379 | D:3      | Gained mutation: Scrolls take you a little longer to read. [potion of mutation]
  2391 | D:3      | Reached XP level 5. HP: 35/47 MP: 2/4
  2394 | D:3      | Reached skill level 6 in Axes
  2395 | D:3      | XOM: confusion (+ monsters)
  2580 | D:3      | Found a faded altar of an unknown god.
  2810 | D:3      | XOM: silly message
  2920 | D:4      | Found a radiant altar of Vehumet.
  2920 | D:4      | Found a hazy altar of Hepliaklqana.
  2920 | D:4      | Found a snail-covered altar of Cheibriados.
  2920 | D:4      | Noticed an ogre
  2923 | D:4      | XOM: harmless Hex miscast
  2930 | D:4      | Killed an ogre
  2930 | D:4      | Reached skill level 7 in Axes
  2930 | D:4      | Reached XP level 6. HP: 6/53 MP: 0/5
  3036 | D:4      | XOM: harmless Pois miscast
  3310 | D:4      | XOM: mild Chrm miscast
  3477 | D:4      | Reached skill level 8 in Axes
  3485 | D:4      | Reached XP level 7. HP: 60/60 MP: 6/6
  3695 | D:4      | XOM: divination: detect items
  3812 | D:5      | Entered Level 5 of the Dungeon
  3814 | D:5      | XOM: potion effect (haste)
  3984 | D:5      | Reached skill level 5 in Fighting
  3985 | D:5      | Found a staircase to the Ecumenical Temple.
  4048 | D:5      | Found a shimmering altar of Xom.
  4056 | D:5      | XOM: polymorph ogre -> swamp drake
  4104 | D:5      | Reached skill level 9 in Axes
  4104 | D:5      | Reached skill level 1 in Stealth
  4194 | D:5      | XOM: polymorph ogre -> centaur
  4200 | D:5      | Reached skill level 5 in Armour
  4265 | D:5      | XOM: scenery: create altars
  4365 | D:5      | XOM: fog
  4369 | D:5      | Reached XP level 8. HP: 54/68 MP: 7/7
  4396 | D:5      | XOM: confuse monster(s)
  4441 | D:5      | Reached skill level 10 in Axes
  4808 | D:6      | Noticed Edmund
  4818 | D:6      | Killed Edmund
  4998 | D:6      | Reached skill level 11 in Axes
  5265 | D:6      | Found a runed door.
  5301 | D:6      | Found a shattered altar of Ashenzari.
  5442 | D:6      | Noticed Crazy Yiuf
  5445 | D:6      | Killed Crazy Yiuf
  5488 | D:7      | Noticed a hippogriff
  5490 | D:7      | XOM: confuse monster(s)
  5504 | D:7      | Killed a hippogriff
  5504 | D:7      | Reached skill level 1 in Shields
  5555 | D:7      | XOM: cast spell 'Discord'
  5563 | D:7      | XOM: enchant monster (good)
  5566 | D:7      | Reached XP level 9. HP: 75/78 MP: 8/8
  5677 | D:7      | XOM: cleaving
  5689 | D:7      | XOM: noise
  5709 | D:7      | XOM: noise
  5758 | D:7      | Noticed Pikel
  5779 | D:7      | Killed Pikel
  5779 | D:7      | Reached skill level 12 in Axes
  6502 | D:8      | Found an iron altar of Okawaru.
  6529 | D:8      | Found Gobluq's Antique Weapon Boutique.
  6537 | D:8      | Found Egakuy's Gadget Shop.
  6559 | D:8      | Noticed gitgud34's ghost (novice DECj)
  6562 | D:8      | Found Motiut's Assorted Antiques.
  6569 | D:8      | Reached skill level 13 in Axes
  6571 | D:8      | XOM: potion effect (might)
  6579 | D:8      | Killed gitgud34's ghost
  6579 | D:8      | Reached XP level 10. HP: 59/86 MP: 3/9
  6691 | D:8      | Bought an iridescent hand axe for 208 gold pieces
  6691 | D:8      | Identified the cursed +1 hand axe "Xuguth" {drain, Dex+6} (You bought it in a shop on level 8 of the Dungeon)
  6807 | D:8      | XOM: noise
  6950 | D:8      | Found Curunyt's General Store.
  6979 | D:8      | Found a hide-covered altar of Uskayaw.
  7269 | D:9      | Found a deep blue altar of Sif Muna.
  7376 | D:9      | Gained mutation: Your spells are a little harder to cast, but a little more powerful. [mutagenic meat]
  7377 | D:9      | Gained mutation: You can translocate small distances at will. [mutagenic meat]
  7380 | D:9      | Gained mutation: Scrolls take you longer to read. [mutagenic meat]
  7487 | D:9      | Found a staircase to the Lair.
  7551 | D:9      | Found a burning altar of Makhleb.
  7619 | D:9      | Found a bloodstained altar of Trog.
  7630 | D:9      | Found a glowing silver altar of Zin.
  7796 | D:9      | Noticed Prince Ribbit
  7799 | D:9      | XOM: god gift: 25 gold pieces
  7893 | D:9      | XOM: confuse monster(s)
  7907 | D:9      | Reached skill level 14 in Axes
  8000 | D:9      | Noticed a three-headed hydra
  8005 | D:9      | XOM: give mutations
  8005 | D:9      | Gained mutation: You possess an exceptional clarity of mind. [Xom's grace]
  8005 | D:9      | Gained mutation: You are partially covered in molten scales. (AC +2) [Xom's grace]
  8005 | D:9      | Gained mutation: You passively map a small area around you. [Xom's grace]
  8005 | D:9      | Gained mutation: Your flesh is heat resistant. (rF+) [Xom's grace]
  8018 | D:9      | HP: 4/88 [12-headed hydra (4)]
  8031 | D:9      | Killed a 19-headed hydra
  8096 | D:9      | XOM: enchant monster (good)
  8344 | D:10     | Entered Level 10 of the Dungeon
  8372 | D:10     | XOM: summons friendly shadow imp
  8506 | D:10     | XOM: cast spell 'Summon Mana Viper'
  8704 | D:11     | Found a labyrinth entrance.
  8705 | D:11     | XOM: summons friendly quasit
  8707 | D:11     | Noticed a seven-headed hydra
  8716 | D:11     | XOM: divination: magic mapping
  8716 | D:11     | Reached XP level 11. HP: 75/97 MP: 7/10
  8724 | D:11     | HP: 1/145 [something (9)]
  8724 | D:11     | Slain by a ten-headed hydra

Vault maps used:
D:1:      dpeg_arrival_tiny_c
D:2:      minmay_misc_feat_encased, minmay_crystal_room, uniq_terence
D:3:      lemuel_crystal_altar, chequers_ecumenical_altar_twisty
D:4:      grunt_temple_overflow_open, first_bread
D:5:      lemuel_upstairs_altar, overflow_temple_1_default
D:6:      cheibrodos_ashenzari_chains, uniq_crazy_yiuf_cottage, uniq_edmund
D:7:      bh_walls_and_bars, uniq_pikel
D:8:      kennysheep_little_box, lemuel_crystal_altar, serial_shops,
          kennysheep_mini, shop, shop, shop
D:9:      lemuel_crystal_altar, lemuel_doored_altar, bloody_makhleb,
          lemuel_crystal_altar, lair_entry_dummy, hangedman_ranch, st_stairs_6,
          uniq_prince_ribbit1
D:11:     lab_entry_generic, minivault_16

Skill      XL: |  1  2  3  4  5  6  7  8  9 10 |
---------------+-------------------------------+-----
Axes           | 4 5 7 8 9 11 13 14 | 14.8
Fighting       | 4 5 6 7 9 |  9.1
Armour         | 3 4 5 7 8 |  8.8
Stealth        | 1 2 |  2.0
Dodging        | 2 |  2.7
Shields        | 1 3 4 |  4.8

Action                   |  1- 3 |  4- 6 |  7- 9 | 10-12 || total
-------------------------+-------+-------+-------+-------++-------
Melee: Hand axe          |    74 |   109 |   331 |   272 ||   786
       Headbutt          |     8 |    17 |    69 |    55 ||   149
       Unarmed           |       |     1 |       |       ||     1
  Use: Scroll            |     8 |     1 |       |     3 ||    12
       Potion            |     2 |     4 |     7 |     6 ||    19
 Stab: Sleeping          |       |     1 |       |       ||     1
       Paralysed         |       |       |     5 |     7 ||    12
       Confused          |       |       |     6 |     6 ||    12
       Petrifying        |       |       |     1 |     8 ||     9
       Petrified         |       |       |       |    11 ||    11
       Distracted        |       |       |       |     2 ||     2
  Eat: Chunk             |     2 |     6 |    10 |    15 ||    33
Armor: Leather armour    |     3 |       |       |       ||     3
       Plate armour      |    40 |    75 |   219 |   169 ||   503
       Skin              |    11 |       |       |       ||    11
Dodge: Dodged            |    29 |    29 |    45 |    53 ||   156
Block: Shield            |       |       |    43 |       ||    43
       Buckler           |       |       |       |    51 ||    51
